 Dungeon Crawl Stone Soup version 0.27-a0-394-g49c82dfaf2 (webtiles) character file.

Game seed: 7655904537690966070

3649 gruber the Covert (level 10, -4/53 HPs)
             Began as a Kobold Hunter on Feb 20, 2021.
             Was a Believer of Uskayaw.
             Slain by a boulder beetle (7 damage)
             ... on level 9 of the Dungeon on Feb 21, 2021.
             The game lasted 00:09:54 (8359 turns).

gruber the Covert (Kobold Hunter)                   Turns: 8359, Time: 00:09:54

Health: -4/53      AC: 11    Str: 25    XL:     10   Next: 33%
Magic:  10/10      EV: 22    Int: 12    God:    Uskayaw [**....]
Gold:   322        SH:  5    Dex: 21    Spells: 9/9 levels left

rFire    . . .     SeeInvis +   j - +6 war axe "Unaonk" {drain, Str+8}
rCold    + . .     Faith    .   (shield restricted)
rNeg     . . .     Spirit   .   J - +3 leather armour {rPois}
rPois    +         Reflect  +   h - +0 helmet
rElec    .         Harm     .   k - +0 cloak
rCorr    +         Rampage  .   r - +1 pair of gloves {Dex+3}
Will     .....                  y - +0 pair of boots
Stlth    ++++++....             E - amulet "Zufugiere" {Reflect Str+6 SH+5 SInv}
HPRegen  0.17/turn              f - ring of resist corrosion
MPRegen  0.12/turn              t - ring of protection from cold

@: no status effects
A: small, nightstalker 3
a: Renounce Religion, Stomp, Line Pass


You were on level 9 of the Dungeon.
You worshipped Uskayaw.
Uskayaw was noncommittal.
You visited 1 branch of the dungeon, and saw 9 of its levels.

You collected 532 gold pieces.
You spent 210 gold pieces at shops.

Inventory:

Hand Weapons
 a - a +1 hand crossbow
 b - a +0 short sword
 j - the +6 war axe "Unaonk" (weapon) {drain, Str+8}
   (You found it on level 5 of the Dungeon)

   A truly terrible weapon, it drains the life of those it strikes.
   It affects your strength (+8).
 G - a +0 rapier
Missiles
 d - 53 bolts
 H - 3 curare-tipped darts (quivered)
 M - a throwing net
Armour
 h - a +0 helmet (worn)
 k - a +0 cloak (worn)
 r - a +1 pair of gloves of dexterity (worn)
 y - a +0 pair of boots (worn)
 J - a +3 leather armour of poison resistance (worn)
 L - a +0 kite shield
Jewellery
 f - a ring of resist corrosion (left hand)
 t - a ring of protection from cold (right hand)
 E - the amulet "Zufugiere" (around neck) {Reflect Str+6 SH+5 SInv}
   (You found it on level 5 of the Dungeon)

   [amulet of reflection]

   It shields you and reflects attacks.
   It affects your strength (+6).
   It lets you see invisible.
   It affects your SH (+5).
Wands
 A - a wand of iceblast (21)
 B - a wand of paralysis (6)
 D - a wand of digging (5)
Scrolls
 c - a scroll of immolation {unknown}
 g - 6 scrolls of identify
 m - 3 scrolls of fear {unknown}
 o - 5 scrolls of teleportation {unknown}
 q - 2 scrolls of enchant weapon {unknown}
 u - a scroll of enchant armour {unknown}
 x - a scroll of blinking {unknown}
 I - a scroll of magic mapping {unknown}
 K - a scroll of noise {unknown}
Potions
 e - a potion of attraction {unknown}
 i - a potion of ambrosia {unknown}
 l - 3 potions of haste {unknown}
 n - a potion of magic {unknown}
 p - 2 potions of flight {unknown}
 s - 2 potions of mutation {unknown}
 v - a potion of degeneration {unknown}
 w - 2 potions of berserk rage {unknown}
 z - 2 potions of curing {unknown}
 C - 2 potions of brilliance {unknown}
 F - 2 potions of cancellation {unknown}
 N - a potion of invisibility {unknown}


   Skills:
 - Level 2.1 Fighting
 - Level 8.0(8.1) Short Blades
 - Level 0.2(3.1) Long Blades
 - Level 4.4 Axes
 - Level 4.8 Crossbows
 - Level 8.1 Dodging
 * Level 10.3 Stealth
 - Level 0.4 Poison Magic
 - Level 7.0 Evocations


You had 9 spell levels left.
You didn't know any spells.
Your spell library contained the following spells:

 Spells                   Type           Power        Failure   Level
 Freeze                   Ice            0%           36%         1
 Confusing Touch          Hex            0%           75%         3
 Frozen Ramparts          Ice            0%           75%         3
 Gell's Gravitas          Tloc           0%           75%         3
 Ozocubu's Armour         Ice            0%           75%         3
 Hailstorm                Conj/Ice       0%           98%         4
 Petrify                  Tmut/Erth      0%           98%         4
 Summon Ice Beast         Ice/Summ       0%           98%         4
 Metabolic Englaciation   Hex/Ice        0%           100%        5
 Yara's Violent Unravell  Hex/Tmut       0%           100%        5


Dungeon Overview and Level Annotations

Branches:
Dungeon (9/15)             Temple (0/1) D:7
   Lair: D:8-11         Orc: D:9-12

Altars:
Dithmenos
Elyvilon
Gozag
Hepliaklqana
Makhleb
Nemelex Xobeh
Okawaru
Sif Muna
Uskayaw
Wu Jian
Xom
Yredelemnul
Zin

Shops:
D:6 *   D:8 :

Annotations:
D:3 Sigmund


Innate Abilities, Weirdness & Mutations

You are small and have problems with some larger weapons.
You are completely attuned to the shadows.


Message History

You slash the orc priest!
You kill the orc priest!
You hit the orc. You barely miss the hound. The orc closely misses you.
You block the hound's attack. The orc closely misses you.
The orc barely misses you. The hound barely misses you.
You slash the orc!
You kill the orc!
You hit the orc. You drain the orc.
You kill the orc!
You slash the hound! You drain the hound.
You kill the hound!
You can now pass through a line of other dancers.
No target in view!
Unknown command.
No target in view!
Unknown command.
No target in view!
Things that are here:
a +0 dagger; a +0 flail
Things that are here:
a +0 short sword; a +0 ring mail; an orc corpse A boulder beetle comes into view.
The boulder beetle curls into a ball and begins rolling!
A boulder beetle is nearby!
Aiming: Paralyse
Press: ? - help, Shift-Dir - straight line, f - boulder beetle
Aim: a boulder beetle (chance to affect: 50%)
The boulder beetle resists with some effort.
The boulder beetle hits you!!!
Ouch! That really hurt!
* * * LOW HITPOINT WARNING * * *
The boulder beetle stops rolling and uncurls.
You hear a bark!
There's nothing to close nearby.
Aiming: Paralyse
Press: ? - help, Shift-Dir - straight line, f/p - boulder beetle
Aim: a boulder beetle (chance to affect: 50%)
The boulder beetle resists with some effort.
The boulder beetle bites you!
You die...

#.# #........ #.....
#.####### #........
#..... #.##....#
#........ ###...
#.##....# #.#+#####
#.... #.##....# #.#
##♣... #.##....#
#.######### #.♣...
#.##....# ###...)......
#♣....
#'##)...###...../.)...#
♣_...
........'.......@†)....
♣....
........###..###B###...
♣♣... .........#..##
#°# #.. #....
...#####...## ... #.
#.... ...# #..## #.#
##... #..# +#...# #..#
.....# ##.. .....#
......


You could see a boulder beetle.

Vanquished Creatures
  Psyche (D:8)
  Prince Ribbit (D:8)
  A vampire (D:9)
  Menkaure (D:6)
  3 sky beasts
  An ice beast (D:9)
  2 orc warriors
  A hornet zombie (D:8)
  2 ogres
  5 centaurs
  A kobold brigand (D:6)
  2 bullfrogs (D:8)
  2 scorpions
  4 wights (D:6)
  2 howler monkeys (D:4)
  7 hounds
  A bullfrog skeleton (D:7)
  3 orc priests
  A centaur skeleton (D:8)
  A gnoll shaman (D:4)
  Natasha (thrice) (D:3)
  3 iguanas
  9 orc wizards
  4 worker ants
  A hound zombie (D:8)
  A hound skeleton (D:4)
  6 adders
  5 gnolls
  2 shadow imps
  A white imp (D:6)
  An ufetubus (D:5)
  An adder zombie (D:7)
  An adder skeleton (D:8)
  3 worms
  A dart slug (D:2)
  5 leopard geckos
  33 orcs
  5 bats
  6 giant cockroaches
  7 goblins
  13 hobgoblins
  4 jackals (D:2)
  13 kobolds
  5 quokkas
  2 ball pythons
  7 frilled lizards
  6 rats
190 creatures vanquished.

Notes
Turn   | Place    | Note
-------+----------+-------------------------------------------
     0 | D:1      | gruber the Kobold Hunter began the quest for the Orb.
     0 | D:1      | Reached XP level 1. HP: 12/12 MP: 1/1
   257 | D:1      | Reached skill level 1 in Short Blades
   334 | D:1      | Reached XP level 2. HP: 17/17 MP: 2/2
   795 | D:1      | Reached XP level 3. HP: 21/21 MP: 3/3
  1529 | D:2      | Reached XP level 4. HP: 25/26 MP: 4/4
  1858 | D:2      | Reached skill level 5 in Short Blades
  2114 | D:2      | Found a hazy altar of Hepliaklqana.
  2240 | D:3      | Reached XP level 5. HP: 19/30 MP: 5/5
  2277 | D:3      | Noticed Natasha
  2306 | D:3      | Killed Natasha
  2608 | D:3      | Noticed Natasha
  2628 | D:3      | Killed Natasha
  2835 | D:3      | Noticed Sigmund
  2908 | D:3      | Noticed Natasha
  2918 | D:3      | Killed Natasha
  2919 | D:3      | Reached XP level 6. HP: 35/35 MP: 6/6
  3348 | D:4      | Found a shadowy altar of Dithmenos.
  3791 | D:4      | Reached skill level 2 in Stealth
  3791 | D:4      | Reached XP level 7. HP: 40/40 MP: 7/7
  3849 | D:5      | Entered Level 5 of the Dungeon
  3874 | D:5      | Reached skill level 3 in Stealth
  3930 | D:4      | Reached skill level 4 in Stealth
  4016 | D:4      | Reached skill level 5 in Stealth
  4085 | D:5      | Reached skill level 6 in Stealth
  4085 | D:5      | Paralysed by an orc for 2 turns
  4092 | D:5      | Paralysed by an orc for 5 turns
  4339 | D:4      | Reached skill level 7 in Stealth
  4487 | D:4      | Reached XP level 8. HP: 44/44 MP: 8/8
  4630 | D:5      | Got a sparkling sapphire amulet
  4762 | D:5      | Identified the amulet "Zufugiere" {Reflect Str+6 SH+5 SInv}
                  | (You found it on level 5 of the Dungeon)
  4857 | D:5      | Found a basalt altar of Yredelemnul.
  4978 | D:5      | Got a steaming war axe
  4979 | D:5      | Identified the +6 war axe "Unaonk" {drain, Str+8} (You
                  | found it on level 5 of the Dungeon)
  5070 | D:6      | Reached skill level 5 in Dodging
  5243 | D:6      | Reached skill level 1 in Axes
  5244 | D:6      | Noticed Menkaure
  5252 | D:6      | Killed Menkaure
  5555 | D:6      | Reached XP level 9. HP: 48/48 MP: 9/9
  5739 | D:6      | Found Zeuguna's Serpentskin Sales.
  5744 | D:6      | Bought a +3 leather armour of poison resistance for 210
                  | gold pieces
  5832 | D:6      | Found an opulent altar of Gozag.
  5836 | D:6      | Found a burning altar of Makhleb.
  5841 | D:6      | Found a shimmering blue altar of Sif Muna.
  5845 | D:6      | Found a hide-covered altar of Uskayaw.
  5847 | D:6      | Found an iron altar of Okawaru.
  5851 | D:6      | Became a worshipper of Uskayaw the Reveller
  5951 | D:6      | Reached * piety under Uskayaw
  5953 | D:6      | Reached ** piety under Uskayaw
  5956 | D:6      | Reached *** piety under Uskayaw
  5958 | D:6      | Reached **** piety under Uskayaw
  6792 | D:7      | Found a staircase to the Ecumenical Temple.
  6806 | D:7      | Found a sparkling altar of Nemelex Xobeh.
  7095 | D:8      | Found a basalt altar of Yredelemnul.
  7245 | D:8      | Reached skill level 1 in Evocations
  7422 | D:8      | Found Ofuuth's Book Emporium.
  7595 | D:8      | Noticed Psyche
  7603 | D:8      | Killed Psyche
  7604 | D:8      | Reached skill level 5 in Evocations
  7847 | D:8      | Found a white marble altar of Elyvilon.
  7849 | D:8      | Noticed Prince Ribbit
  7920 | D:8      | Killed Prince Ribbit
  7921 | D:8      | Reached XP level 10. HP: 53/53 MP: 10/10
  7951 | D:9      | Reached skill level 8 in Stealth
  8193 | D:9      | Found an iron altar of Okawaru.
  8193 | D:9      | Found a shimmering altar of Xom.
  8199 | D:9      | Reached skill level 9 in Stealth
  8199 | D:9      | Found a shimmering altar of Xom.
  8199 | D:9      | Found an ornate altar of the Wu Jian Council.
  8232 | D:9      | Found a glowing silver altar of Zin.
  8330 | D:9      | Reached skill level 10 in Stealth
  8356 | D:9      | Noticed a boulder beetle
  8359 | D:9      | Slain by a boulder beetle

Illustrated notes

Levels and vault maps discovered:
D:1:      tarquinn_simple_flora_water_e, layout_loops_corners
D:2:      layout_basic, nzn_hepliaklqana_mist_gate, uniq_jessica
D:3:      layout_loops_cross, uniq_natasha, uniq_sigmund
D:4:      layout_loops_ring, kennysheep_little_box, minivault_19
D:5:      layout_cave_pools, yredelemnul_altar_generic
D:6:      layout_loops_ring, minitemple, hex_large, guppyfry_shop_venom,
          uniq_menkaure
D:7:      layout_cave_pools, nemelex_xobeh_ov_fountains_minmay,
          minmay_temple_entry_drinking_statues
D:8:      layout_gridville, kennysheep_ying_yang, serial_shops,
          nicolae_shop_statue_plus, uniq_psyche, uniq_prince_ribbit1
D:9:      minmay_the_grid_octo_triangle [minmay_the_grid_octo_shrine,
          minmay_the_grid_octo_prize_square_snowflake,
          minmay_the_grid_octo_chip], layout_basic, zin_academy, basic_altar

Skill      XL: |  1  2  3  4  5  6  7  8  9 10 |
---------------+-------------------------------+-----
Short Blades   | 1 2 4 5 6 8 |  8.0
Stealth        | 2 7 10 | 10.3
Dodging        | 6 8 |  8.1
Axes           | 3 4 |  4.4
Evocations     | 7 |  7.0
Fighting       | |  2.1
Long Blades    | |  0.2
Crossbows      | |  4.8
Poison Magic   | |  0.4

Action                   |  1- 3 |  4- 6 |  7- 9 | 10-12 || total
-------------------------+-------+-------+-------+-------++-------
Melee: Short sword       |   137 |   212 |   212 |       ||   561
       War axe           |       |       |   150 |    34 ||   184
 Fire: Hand crossbow     |     2 |    10 |    48 |       ||    60
Evoke: Wand              |       |       |     5 |     4 ||     9
  Use: Scroll            |       |       |     2 |       ||     2
 Stab: Sleeping          |     7 |    11 |    19 |     8 ||    45
       Paralysed         |       |       |     8 |     6 ||    14
       Distracted        |       |       |     1 |       ||     1
Armor: Leather armour    |    29 |    38 |    89 |     4 ||   160
Dodge: Dodged            |    92 |   102 |   279 |    30 ||   503
Block: Other             |       |       |    21 |     3 ||    24

Table legend: (Time is in decaauts)
 A = Elapsed time spent in this place.
 B = Non-inter-level travel time spent in this place.
 C = Inter-level travel time spent in this place.
 D = Time resting spent in this place.
 E = Time spent auto-exploring this place.
 F = Levels seen in this place.
 G = Mean time per level.
                   A        B        C        D        E       F      G
               +--------+--------+--------+--------+--------+-----+--------+
         Total |   8334 |   7915 |    419 |    118 |   6269 |   9 |  926.0 |
       Dungeon |   8334 |   7915 |    419 |    118 |   6269 |   9 |  926.0 |
               +--------+--------+--------+--------+--------+-----+--------+

Top non-repeatable levels by time:
     D:1: 1340 daAuts
     D:6: 1235 daAuts
     D:4: 1210 daAuts
     D:8: 930 daAuts
     D:2: 830 daAuts
     D:7: 814 daAuts
     D:5: 786 daAuts
     D:3: 741 daAuts
     D:9: 444 daAuts
